 Dungeon Crawl Stone Soup version 0.24.0-123-gd5b16e6ec5 (webtiles) character file.

Game seed: 6248259802634812448, levelgen mode: deterministic

75 Descartes the Changer (level 4, -1/25 HPs)
             Began as a Gargoyle Wanderer on Jan 21, 2020.
             Slain by an adder (4 damage)
             ... on level 3 of the Dungeon on Jan 23, 2020.
             The game lasted 00:09:49 (4125 turns).

Descartes the Changer (Gargoyle Wanderer)           Turns: 4125, Time: 00:09:50

Health: -1/25      AC:  6    Str: 14    XL:     4   Next: 31%
Magic:  7/7        EV: 10    Int: 14    God:
Gold:   62         SH:  3    Dex: 10    Spells: 3/8 levels left

rFire    . . .     SeeInvis .   a - +0 club
rCold    . . .     Gourm    .   d - +0 buckler
rNeg     + . .     Faith    .   r - +0 leather armour
rPois    ∞         Spirit   .   (no helmet)
rElec    +         Reflect  .   (no cloak)
rCorr    .         Harm     .   (no gloves)
MR       .....                  (no boots)
Stlth    ++........             (no amulet)
HPRegen  0.08/turn              (no ring)
MPRegen  0.10/turn              (no ring)

@: no status effects
A: negative energy resistance 1, electricity resistance, unbreathing,
petrification resistance, rot immunity, AC +3
a: no special abilities


You were on level 3 of the Dungeon.
You were not hungry.

You visited 1 branch of the dungeon, and saw 3 of its levels.

You collected 62 gold pieces.

Inventory:

Hand Weapons
 a - a +0 club (weapon)
 l - a +0 dagger
 o - a +0 hunting sling
Missiles
 b - 114 stones (quivered)
 j - 10 bolts
 t - 7 curare-tipped darts
 v - 9 poisoned darts
Armour
 d - a +0 buckler (worn)
 r - a +0 leather armour (worn)
Jewellery
 g - an uncursed ring of protection from fire
 q - an uncursed ring of see invisible {unknown}
Scrolls
 h - a scroll of teleportation
 s - a scroll of fog {unknown}
Potions
 c - 2 potions of lignification
 e - a potion of invisibility {unknown}
 i - a potion of heal wounds {unknown}
 k - 2 potions of curing {unknown}
 m - a potion of magic {unknown}
 n - 2 potions of mutation {unknown}
 p - 2 potions of cancellation {unknown}
Comestibles
 f - 4 rations
 u - a chunk of flesh


   Skills:
 + Level 1.4 Fighting
 + Level 1.5 Armour
 - Level 2.0 Stealth
 + Level 1.4 Shields
 - Level 0.1 Unarmed Combat
 + Level 2.5 Spellcasting
 + Level 0.2 Conjurations
 + Level 2.8 Transmutations
   Level 2.0 Fire Magic
 + Level 0.2 Ice Magic
   Level 1.0 Poison Magic


You had 3 spell levels left.
You knew the following spells:

 Your Spells              Type           Power        Failure   Level  Hunger
a - Beastly Appendage     Tmut           #.....       12%         1    #......
b - Throw Frost           Conj/Ice       #.....       47%         2    ###....
c - Sticks to Snakes      Tmut           #.......     19%         2    ###....

Your spell library contained the following spells:

 Spells                   Type           Power        Failure   Level  Hunger
 Spider Form              Tmut/Pois      #.........   47%         3    ###....
 Ensorcelled Hibernation  Hex/Ice        #.....       50%         2    ###....
 Ice Form                 Ice/Tmut       #.......     91%         4    #####..
 Blade Hands              Tmut           #.........   98%         5    ######.


Dungeon Overview and Level Annotations

Branches:
Dungeon (3/15)

Altars:
Nemelex Xobeh


Innate Abilities, Weirdness & Mutations

You are resistant to torment.
Your stone body is resilient. (AC +3)
You are immune to poison.
You resist negative energy. (rN+)
You are resistant to electric shocks. (rElec)
You can survive without breathing.
You are immune to petrification.
You are immune to rotting.


Message History

The adder bites you but does no damage. The adder barely misses you.
You miss the adder.
The adder is almost dead.
The adder closely misses you. The adder bites you but does no damage.
You hit the adder but do no damage.
The adder is almost dead.
The adder bites you.
* * * LOW HITPOINT WARNING * * *
You closely miss the adder.
The adder is almost dead.
The adder closely misses you. The adder misses you.
You barely miss the adder.
The adder is almost dead.
The adder bites you.
* * * LOW HITPOINT WARNING * * *
The adder barely misses you.
You miss the adder.
The adder is severely wounded.
The adder bites you.
You die...

#...........#....
######......#...
#....... #..........
#.......
########..........
#.......
.......'..........
#.......
########......#>..
#......
###g####...###......
#S#...............
#@#.....####......
#.#.........######
#.####............
#.# #.#....######
#.# #.'.....^# # #.#
###....#.# # #.#
#....#.# # #.#
#....#.# # #.#
######.# #


You could see an adder and a goblin.

Vanquished Creatures
  2 adders (D:2)
  5 dart slugs
  A leopard gecko (D:1)
  A ball python (D:2)
  3 giant cockroaches
  9 goblins
  3 hobgoblins
  4 jackals
  A quokka (D:2)
  7 bats
  2 frilled lizards
  3 kobolds
  5 rats
46 creatures vanquished.

Notes
Turn   | Place    | Note
-------+----------+-------------------------------------------
     0 | D:1      | Descartes the Gargoyle Wanderer began the quest for the
                  | Orb.
     0 | D:1      | Descartes set off with the following items: a +0 club, a
                  | potion of lignification, a +0 robe, a ration; and the
                  | following spell memorised: Beastly Appendage; and the
                  | following spells available to memorise: Sticks to Snakes,
                  | Ensorcelled Hibernation, Throw Frost, Spider Form, Ice
                  | Form, Blade Hands
     0 | D:1      | Reached XP level 1. HP: 10/10 MP: 3/3
   298 | D:1      | Reached XP level 2. HP: 16/16 MP: 5/5
   929 | D:1      | Reached skill level 1 in Fighting
  1011 | D:1      | Reached skill level 1 in Armour
  1011 | D:1      | Reached XP level 3. HP: 14/20 MP: 6/6
  3025 | D:1      | Learned a level 2 spell: Throw Frost
  3483 | D:2      | Reached XP level 4. HP: 21/25 MP: 0/7
  3628 | D:2      | Learned a level 2 spell: Sticks to Snakes
  3639 | D:2      | Found a sparkling altar of Nemelex Xobeh.
  4125 | D:3      | Slain by an adder

Levels and vault maps discovered:
D:1:      dpeg_arrival_leaves_temple_mockup, layout_basic
D:2:      layout_loops_ring, nemelex_xobeh_ov_fountains_minmay
D:3:      layout_basic, first_ration, minmay_pentomino_pile

Skill      XL: |  1  2  3 |
---------------+----------+-----
Fighting       | 1 |  1.4
Armour         | 1 |  1.5
Stealth        | 2 |  2.0
Shields        | |  1.4
Unarmed Combat | |  0.1
Spellcasting   | |  2.5
Conjurations   | |  0.2
Transmutations | |  2.8
Fire Magic     | |  2.0
Ice Magic      | |  0.2
Poison Magic   | |  1.0

Action                   |  1- 3 |  4- 6 || total
-------------------------+-------+-------++-------
Melee: Club              |   235 |    59 ||   294
 Cast: Beastly Appendage |     2 |       ||     2
       Throw Frost       |     1 |     1 ||     2
  Use: Scroll            |     2 |       ||     2
 Stab: Sleeping          |     7 |       ||     7
  Eat: Chunk             |     5 |       ||     5
       Ration            |     1 |     1 ||     2
Armor: Robe              |    84 |       ||    84
       Leather armour    |    37 |    31 ||    68
Dodge: Dodged            |   161 |    30 ||   191
Block: Buckler           |    18 |     8 ||    26
